 Dungeon Crawl Stone Soup version 0.21.1-1-g345015f (webtiles) character file.

81 Goblin1989 the Insei (level 4, -1/32 HPs)
             Began as a Demonspawn Transmuter on Mar 5, 2018.
             Slain by a worm (9 damage)
             ... on level 2 of the Dungeon.
             The game lasted 00:07:37 (2796 turns).

Goblin1989 the Insei (Demonspawn Transmuter)        Turns: 2796, Time: 00:07:38

Health: -1/32      AC:  3    Str: 10    XL:     4   Next: 19%
Magic:  7/7        EV: 17    Int: 16    God:
Gold:   135        SH:  0    Dex: 18    Spells: 4/7 levels left

rFire    . . .     SeeInvis .     - Unarmed
rCold    . . .     Gourm    .   (no shield)
rNeg     . . .     Faith    .   y - +0 robe
rPois    .         Spirit   .   (no helmet)
rElec    .         Reflect  .   (no cloak)
rCorr    .         Harm     .   (no gloves)
MR       .....                  n - +0 pair of boots
Stlth    +++.......             (no amulet)
HPRegen  0.10/turn              (no ring)
MPRegen  0.10/turn              (no ring)

@: agile, lethally poisoned (-1 -> -2), appendage (expiring), flying
A: horns 2, rot immunity
a: End Transformation


You were on level 2 of the Dungeon.
You were not hungry.
You had grown temporary horns.
You visited 1 branch of the dungeon, and saw 2 of its levels.

You collected 135 gold pieces.

Inventory:

Hand Weapons
 b - a +2 short sword of venom
 s - a +0 arbalest
Missiles
 a - 44 arrows
 f - 22 stones {@Q3}
 h - 20 sling bullets
 r - 7 javelins (quivered) {@Q2}
Armour
 n - a +0 pair of boots (worn)
 y - a +0 robe (worn)
 A - a +0 shield of protection
Jewellery
 g - a +4 ring of evasion {unknown}
 p - an uncursed ring of ice {unknown}
Wands
 v - a wand of polymorph (13)
Scrolls
 i - a scroll of identify {unknown}
 j - a scroll of amnesia {unknown}
 u - a scroll of teleportation {unknown}
 x - a scroll of remove curse {unknown}
Potions
 m - a potion of flight
Books
 c - a book of Changes

   Spells                             Type                      Level
   a - Beastly Appendage              Transmutation                1
   b - Sticks to Snakes               Transmutation                2
   c - Spider Form                    Transmutation/Poison         3
   d - Ice Form                       Ice/Transmutation            4
   e - Blade Hands                    Transmutation                5
Comestibles
 e - 4 rations
 z - 2 chunks of flesh


   Skills:
 - Level 1.0 Fighting
 - Level 1.7 Dodging
 + Level 4.6 Unarmed Combat
 - Level 2.0 Spellcasting
 - Level 1.7 Transmutations


You had 4 spell levels left.
You knew the following spells:

 Your Spells              Type           Power        Failure   Level  Hunger
a - Beastly Appendage     Tmut           #.....       10%         1    #......
b - Sticks to Snakes      Tmut           #.......     16%         2    ###....


Dungeon Overview and Level Annotations

Branches:
Dungeon (2/15)

Altars:


Innate Abilities, Weirdness & Mutations

You are immune to rotting.
You have a pair of horns on your head.


Message History

You are too injured to fight recklessly!
You are too injured to fight recklessly!
You are too injured to fight recklessly!
You are too injured to fight recklessly!
You are too injured to fight recklessly!
You are too injured to fight recklessly!
You are too injured to fight recklessly!
You are too injured to fight recklessly!
You are too injured to fight recklessly!
You are too injured to fight recklessly!
You are too injured to fight recklessly!
You are too injured to fight recklessly!
You are too injured to fight recklessly!
You are too injured to fight recklessly!
You are too injured to fight recklessly!
You are too injured to fight recklessly!
You are too injured to fight recklessly!
You are too injured to fight recklessly!
You are too injured to fight recklessly!
You are too injured to fight recklessly!
You are too injured to fight recklessly!
The adder bites you.
You are more poisoned.
The adder poisons you!
You take 3 damage, and have 15/32 hp.
You feel sick. The adder closely misses you.
You feel sick.
You take 1 damage, and have 14/32 hp.
You feel sick. The adder bites you.
* * * LOW HITPOINT WARNING * * *
You take 3 damage, and have 11/32 hp.
The adder bites you.
* * * LOW HITPOINT WARNING * * *
You take 5 damage, and have 6/32 hp.
* * * LOW HITPOINT WARNING * * *
You feel sick.
You take 1 damage, and have 5/32 hp.
It was a potion of flight.
You feel very buoyant.
You fly up into the air.
The adder bites you.
* * * LOW HITPOINT WARNING * * *
You take 1 damage, and have 4/32 hp.
Unknown command.
It was a potion of agility.
You feel agile all of a sudden.
* * * LOW HITPOINT WARNING * * *
You feel sick. The adder misses you. The adder completely misses you.
You take 1 damage, and have 3/32 hp.
Unknown command.
It was a potion of heal wounds.
You feel much better. The adder barely misses you.
You regained 24 hp, and now have 27/32 hp.
Unknown command.
You barely miss the adder. The adder closely misses you.
You hit the adder but do no damage.
You feel sick. The adder closely misses you.
You miss the adder. The adder closely misses you.
Casting: Beastly Appendage
Confirm with . or Enter, or press ? or * to list all spells.
You grow a pair of large bovine horns.
The adder barely misses you. The adder misses you.
You now have 6/7 mp.
Unknown command.
You miss the adder. Your headbutt misses the adder.
You feel sick. The adder barely misses you.
You take 1 damage, and have 26/32 hp.
You miss the adder. Your headbutt misses the adder.
The adder completely misses you.
You completely miss the adder. The adder barely misses you.
You hit the adder.
The adder is heavily wounded.
The adder bites you.
You take 3 damage, and have 23/32 hp.
You hit the adder but do no damage.
The adder is heavily wounded.
The adder barely misses you. The adder misses you.
You closely miss the adder. You headbutt the adder.
The adder is almost dead.
You feel sick. The adder bites you but does no damage.
You take 1 damage, and have 22/32 hp.
You barely miss the adder. Your headbutt misses the adder.
The adder is almost dead.
The adder misses you.
You hit the adder.
You kill the adder!
Your transformation is almost over.
The worm bites you!
You take 7 damage, and have 15/32 hp.
MASSIVE DAMAGE!!
You barely miss the worm. You headbutt the worm.
The worm is moderately wounded.
You feel sick. The worm bites you.
* * * LOW HITPOINT WARNING * * *
You take 7 damage, and have 8/32 hp.
MASSIVE DAMAGE!!
MP restored: 7 You hit the worm.
The worm is heavily wounded.
You hit the worm. You headbutt the worm.
The worm is almost dead.
The worm bites you!
You die...

█.█.█ █.█ █.█.█ █.█ █.█
█.█.█ █.████.█
████.█.█████.██...████ █
█....................█..█
███.██....................█
.............█.██..█.█.█.██
███.██.████....██.█.██ █
█.██)█........@w███
██.██.█.██....████
██...█.█.███.█.█ █.███..█.█
█.█... .██ ██.█.███.█████
.█ █.█......█ .██
██.█████..█ █.███..█ █..█
██...█.█ ██..█


You could see a worm.

Vanquished Creatures
  3 adders (D:2)
  2 oozes
  A dart slug (D:2)
  A leopard gecko (D:2)
  A giant cockroach (D:2)
  4 goblins
  4 hobgoblins
  3 jackals (D:2)
  2 ball pythons (D:2)
  6 bats
  4 kobolds
  2 rats
33 creatures vanquished.

Vanquished Creatures (collateral kills)
  An adder (D:2)
  A dart slug (D:2)
2 creatures vanquished.

Grand Total: 35 creatures vanquished

Notes
Turn   | Place    | Note
-------+----------+-------------------------------------------
     0 | D:1      | Goblin1989 the Demonspawn Transmuter began the quest for the Orb.
     0 | D:1      | Reached XP level 1. HP: 15/15 MP: 3/3
   107 | D:1      | Reached skill level 3 in Unarmed Combat
   697 | D:1      | Gained mutation: You are immune to rotting. [demonic ancestry]
   697 | D:1      | Reached XP level 2. HP: 6/21 MP: 3/5
  1302 | D:1      | Learned a level 2 spell: Sticks to Snakes
  1564 | D:2      | Reached XP level 3. HP: 22/26 MP: 0/6
  1710 | D:2      | Reached skill level 4 in Unarmed Combat
  2381 | D:2      | Reached XP level 4. HP: 24/32 MP: 7/7
  2796 | D:2      | Slain by a worm

Skill      XL: |  1  2  3 |
---------------+----------+-----
Unarmed Combat | 3 4 |  4.6
Fighting       | |  1.0
Dodging        | |  1.7
Spellcasting   | |  2.0
Transmutations | |  1.7

Action                   |  1- 3 |  4- 6 || total
-------------------------+-------+-------++-------
Melee: Unarmed           |   126 |    33 ||   159
       Headbutt          |     1 |     3 ||     4
       Punch             |     1 |       ||     1
Throw: Javelin           |     1 |       ||     1
 Cast: Beastly Appendage |     6 |     1 ||     7
       Sticks to Snakes  |     5 |       ||     5
  Use: Potion            |       |     3 ||     3
 Stab: Sleeping          |     2 |     1 ||     3
  Eat: Chunk             |     5 |     1 ||     6
Armor: Robe              |    43 |     3 ||    46
Dodge: Dodged            |   109 |    29 ||   138

Vault maps used:
D:1:      dpeg_arrival_rooms_b
